AoeStats
← K

Fortress

509391220Analyzed
4v4 RM · 7d ago on Sep 26, 2026· 58m 49s· 8 players
Game mode
Random Map
Map size
Huge
Population
200
Speed
Normal
Resources
Standard
Victory
Conquest
Starting age
Dark Age
Ending age
Imperial Age
RankedLock teamsTeams togetherTeam positionsShared explorationLock speedFull tech treeHidden civsTurbo modeCheats
Victory
Defeat
🇨🇳 Cumans · China
1385
+8
🇹🇼 Georgians · Taiwan
1250
+13
🇬🇧 Khmer · United Kingdom
1134
+17
🇨🇳 Slavs · China
915
+25
🇹🇼 Saxons · Taiwan
1206
-17
🇹🇷 Saracens · Türkiye
1193
-17
🇮🇱 Magyars · Israel
1150
-15
🇩🇪 Goths · Germany
1132
-14
JuLyeN
0:45 Loom
7:55 Feudal Age
14:16 Castle Age
13:42 Double-Bit Axe
13:40 Horse Collar
13:57 Gold Mining
20:11 Gold Shaft Mining
20:41 Wheelbarrow
22:12 Bow Saw
24:35 Hand Cart
24:35 Heavy Plow
24:49 Forging
25:07 Bloodlines
25:54 Husbandry
26:00 Stone Mining
29:41 Imperial Age
28:46 Redemption
30:27 Heavy Camel Rider
31:15 Scale Barding Armor
31:46 Iron Casting
33:16 Chain Barding Armor
34:48 Blast Furnace
35:55 Plate Barding Armor
35:10 Elite Mameluke
37:58 Capped Ram
38:05 Light Cavalry
38:59 Hussar
39:38 Siege Ram
shalevwood
7:22 Feudal Age
9:11 Double-Bit Axe
11:53 Castle Age
12:30 Horse Collar
17:51 Gold Mining
18:58 Bloodlines
19:02 Stone Mining
20:27 Wheelbarrow
20:53 Heavy Plow
21:40 Corvinian Army
22:19 Hand Cart
24:52 Scale Barding Armor
27:28 Chain Barding Armor
33:16 Imperial Age
32:34 Husbandry
34:22 Conscription
34:41 Plate Barding Armor
33:46 Elite Magyar Huszar
34:38 Town Watch
41:50 Onager
48:40 Loom
49:36 Fletching
50:13 Bodkin Arrow
scl5724
7:45 Feudal Age
12:01 Castle Age
10:05 Horse Collar
10:39 Double-Bit Axe
13:13 Loom
14:00 Bow Saw
16:11 Heavy Plow
18:34 Wheelbarrow
18:11 Gold Mining
19:37 Hand Cart
21:01 Gold Shaft Mining
20:17 Stone Mining
21:21 Town Watch
23:10 Fortified Wall
26:09 Imperial Age
26:18 Imperial Age
25:13 Pikeman
26:32 Scale Mail Armor
27:34 Crossbowman
29:18 Fletching
31:22 Arbalester
33:05 Bodkin Arrow
34:24 Ballistics
34:28 Bracer
35:40 Padded Archer Armor
36:52 Chemistry
37:25 Thumb Ring
38:10 Leather Archer Armor
39:18 Two-Man Saw
37:40 Elite Skirmisher
41:55 Ring Archer Armor
42:32 Elite Varangian Guard
45:11 Chain Mail Armor
45:06 Forging
45:46 Squires
45:31 Arson
45:32 Gambesons
47:11 Plate Mail Armor
49:45 Iron Casting
50:30 Halberdier
52:32 Shield Wall
Eric212
0:36 Loom
0:38 Loom
0:40 Loom
8:06 Feudal Age
8:45 Double-Bit Axe
8:43 Horse Collar
10:02 Gold Mining
14:52 Castle Age
13:17 Stone Mining
16:54 Heavy Plow
17:20 Bow Saw
18:42 Wheelbarrow
18:35 Pikeman
20:16 Squires
23:43 Hand Cart
26:51 Imperial Age
24:10 Town Watch
27:56 Conscription
27:37 Anarchy
27:52 Forging
27:43 Scale Mail Armor
28:21 Crop Rotation
29:05 Town Patrol
30:12 Iron Casting
29:52 Chain Mail Armor
29:02 Halberdier
29:50 Perfusion
29:48 Man-at-Arms
30:30 Long Swordsman
30:53 Elite Huskarl
31:02 Long Swordsman
32:13 Two-Handed Swordsman
40:54 Champion
44:01 Blast Furnace
Nome(more distinct)
7:35 Feudal Age
7:39 Feudal Age
11:38 Castle Age
9:43 Double-Bit Axe
9:40 Horse Collar
11:21 Loom
13:49 Bow Saw
14:13 Heavy Plow
20:31 Wheelbarrow
19:46 Loom
21:44 Hand Cart
21:52 Sanctity
26:43 Imperial Age
24:39 Scale Barding Armor
24:44 Forging
26:42 Gold Mining
26:50 Stone Mining
26:55 Heavy Scorpion
28:50 Conscription
28:05 Pikeman
28:45 Squires
29:14 Chain Barding Armor
29:29 Iron Casting
28:17 Elite Monaspa
28:34 Capped Ram
30:43 Plate Barding Armor
31:45 Chemistry
31:12 Ballistics
30:40 Siege Ram
31:56 Halberdier
33:47 Blast Furnace
33:04 Fortified Wall
33:21 Aznauri Cavalry
骑兵不怕死
5:54 Feudal Age
6:36 Double-Bit Axe
16:47 Castle Age
15:19 Forging
15:52 Bloodlines
15:49 Scale Barding Armor
17:27 Wheelbarrow
18:04 Iron Casting
17:43 Bow Saw
17:19 Horse Collar
18:02 Chain Barding Armor
18:36 Heavy Plow
18:09 Capped Ram
26:37 Hand Cart
26:07 Town Watch
28:34 Scale Mail Armor
27:58 Pikeman
28:24 Arson
29:32 Squires
31:29 Loom
31:45 Town Patrol
33:37 Chain Mail Armor
36:25 Imperial Age
36:46 Halberdier
38:27 Blast Furnace
37:58 Plate Mail Armor
37:53 Siege Ram
40:41 Two-Man Saw
46:42 Elite Steppe Lancer
47:58 Plate Barding Armor
打爆你的金针菇
8:13 Feudal Age
8:59 Double-Bit Axe
14:16 Castle Age
13:19 Stone Mining
15:27 Bow Saw
16:55 Gold Mining
16:53 Horse Collar
17:27 Loom
19:32 Wheelbarrow
20:53 Hand Cart
21:24 Gold Shaft Mining
24:28 Fortified Wall
24:31 Masonry
27:54 Imperial Age
26:04 Forging
26:00 Scale Barding Armor
25:58 Scale Mail Armor
27:05 Heavy Plow
27:07 Man-at-Arms
27:49 Squires
28:39 Ballistics
29:19 Crop Rotation
29:54 Two-Man Saw
28:42 Town Watch
30:56 Chemistry
29:29 Elite Boyar
30:18 Long Swordsman
31:37 Two-Handed Swordsman
32:58 Iron Casting
32:40 Chain Mail Armor
32:46 Chain Barding Armor
32:30 Champion
32:45 Champion
34:47 Conscription
35:44 Plate Mail Armor
37:05 Siege Engineers
38:16 Blast Furnace
37:53 Plate Barding Armor
37:25 Capped Ram
39:09 Siege Ram
44:13 Heavy Scorpion
45:39 Fletching
54:20 Druzhina
K
6:28 Feudal Age
10:59 Castle Age
9:39 Double-Bit Axe
12:51 Gold Mining
13:14 Bow Saw
14:11 Horse Collar
19:32 Town Watch
19:51 Stone Mining
23:05 Imperial Age
20:25 Loom
21:20 Heavy Plow
21:59 Gold Shaft Mining
22:07 Wheelbarrow
22:22 Husbandry
22:40 Bloodlines
24:31 Crop Rotation
24:39 Stone Shaft Mining
24:22 Forging
24:18 Padded Archer Armor
24:09 Fletching
24:44 Hand Cart
25:27 Conscription
25:05 Elite Ballista Elephant
27:12 Bodkin Arrow
27:27 Scale Barding Armor
27:36 Forging
29:21 Iron Casting
29:08 Chain Barding Armor
29:56 Chemistry
29:17 Ballistics
31:53 Blast Furnace
33:38 Double Crossbow
34:09 Town Patrol
34:54 Plate Barding Armor
34:48 Tusk Swords
50:34 Light Cavalry
52:27 Hussar
Connection lost

Rejoining the realm…

Still unreachable

The connection could not be restored.

Session expired

The server has moved on; the page needs a fresh start.